 Dungeon Sprint DCSS version 0.27.1-4-g1640c2035a (webtiles) character file.

Game seed: 4185785490843384472

258 boopmooplesden the Carver (level 9, -3/86 HPs)
             Began as a Minotaur Fighter on Nov 10, 2021.
             Was a High Priest of Okawaru.
             Slain by a seven-headed hydra (6 damage)
             ... in the Dungeon (Sprint VI: "Thunderdome").
             The game lasted 00:04:37 (523 turns).

boopmooplesden the Carver (Minotaur Fighter)         Turns: 523, Time: 00:04:38

Health: -3/86      AC: 17    Str: 22    XL:     9   Next: 5%
Magic:  7/9        EV:  7    Int: 12    God:    Okawaru [*****.]
Gold:   96         SH: 12    Dex: 12    Spells: 8/8 levels left

rFire    . . .     SeeInvis .   f - +0 flail
rCold    . . .     Faith    +   c - +0 kite shield
rNeg     . . .     Spirit   .   d - +0 plate armour
rPois    +         Reflect  .   s - +0 hat "Huoloxke" {Harm rPois Int+2}
rElec    .         Harm     +   r - +0 cloak
rCorr    .         Rampage  .   (no gloves)
Will     .....     NoTele   +   (no boots)
Stlth    ..........             o - amulet of Monotheism {Faith Int+5}
HPRegen  0.24/turn              (no ring)
MPRegen  0.11/turn              (no ring)

@: on berserk cooldown, slowed, very slow
A: horns 2, retaliatory headbutt
a: Renounce Religion, Heroism, Finesse


You were in the Dungeon.
You worshipped Okawaru.
Okawaru was extremely pleased with you.
You visited 1 branch You collected 600 gold pieces.
You spent 504 gold pieces at shops.

Inventory:

Hand Weapons
 a - a +0 long sword
 f - a +0 flail (weapon)
Armour
 b - a +0 scale mail
 c - a +0 kite shield (worn)
 d - a +0 plate armour (worn)
 r - a +0 cloak (worn)
 s - the +0 hat "Huoloxke" (worn) {Harm rPois Int+2}
   (You bought it in a shop in the Dungeon)

   Int:       It affects your intelligence (+2).
   rPois:     It protects you from poison.
   Harm:      It increases damage dealt and taken.
Jewellery
 o - the amulet of Monotheism (around neck) {Faith Int+5}
   (You bought it in a shop in the Dungeon)

   [amulet of faith]

   It allows you to gain divine favour quickly.
   Int:       It affects your intelligence (+5).
 p - the ring "Zaudemn" {Fire Str+3}
   (You bought it in a shop in the Dungeon)

   [ring of fire]

   It enhances your fire magic.
   Str:       It affects your strength (+3).
   rF:        It protects you from fire.
   rC:        It makes you vulnerable to cold.
 q - the ring of Qalut {rElec rPois rC- Str+5 Int+6}
   (You bought it in a shop in the Dungeon)

   [ring of intelligence]

   Str:       It affects your strength (+5).
   Int:       It affects your intelligence (+6).
   rC:        It makes you vulnerable to cold.
   rElec:     It insulates you from electricity.
   rPois:     It protects you from poison.
Wands
 l - a wand of acid (5)
 m - a wand of iceblast (5)
Scrolls
 j - 4 scrolls of blinking
 n - 3 scrolls of fog
Potions
 e - a potion of curing
 g - 4 potions of haste
 h - 2 potions of magic
 k - a potion of resistance


   Skills:
 + Level 10.8 Fighting
 + Level 13.8 Long Blades
 + Level 12.2 Armour
 + Level 3.4 Dodging
 + Level 0.7 Stealth
 + Level 11.7 Shields
 + Level 1.7 Invocations


You had 8 spell levels left.
You didn't know any spells.
Your spell library was empty.

Dungeon Overview and Level Annotations

Branches:
Dungeon (1/1)

Altars:
Cheibriados
Dithmenos
Fedhas
Gozag
Kikubaaqudgha
Makhleb
Okawaru
Qazlal
Ru
Sif Muna
Trog
Uskayaw
Vehumet
Wu Jian
Xom
Yredelemnul
Zin
The Shining One
Beogh
Jiyva
Lugonu

Shops:
D *[??*?*:[((!!!!


Innate Abilities, Weirdness & Mutations

You have a pair of horns on your head.
You reflexively headbutt those who attack you in melee.


Message History

Items here: )) [ ††††.
You sock the witch!
The witch is heavily wounded.
The witch barely misses you.
You barely miss the witch. You headbutt the witch!
The witch is heavily wounded.
You feel a strong urge to attack something.
Things that are here:
a +0 war axe; an orc corpse You are no longer berserk.
You are exhausted.
You feel yourself slow down.
The witch seems less confused.
You block the witch's attack. x2
You miss the witch. You headbutt the witch!
The witch is severely wounded.
The swamp drake breathes poison at you.
The noxious blast engulfs you but does no damage.
You resist.
The witch is engulfed in noxious fumes.
The witch appears confused.
The witch hits you but does no damage.
The witch is engulfed in noxious fumes.
The witch appears confused.
The witch cries.
You hit the witch.
The witch is severely wounded.
You feel like a meek peon again.
The seven-headed hydra barely misses you.
You furiously retaliate!
You headbutt the seven-headed hydra!
The seven-headed hydra bites you but does no damage.
The seven-headed hydra barely misses you.
The seven-headed hydra bites you.
* * * LOW HITPOINT WARNING * * *
The seven-headed hydra bites you.
* * * LOW HITPOINT WARNING * * *
The seven-headed hydra bites you but does no damage.
You block the seven-headed hydra's attack.
The witch is engulfed in noxious fumes.
The witch hits you but does no damage.
You block the seven-headed hydra's attack.
The seven-headed hydra barely misses you.
The seven-headed hydra bites you but does no damage. x2
The seven-headed hydra bites you.
You die...

#∩.......∩# #_......._#
#_......._# #_......._#
###.........###
#⌠[..........⌠#
######.8.........8.######
##._._..°°°)###......___∩#
###∩.....)°@8k# #.8........∩
##......[..°pD[###.D.........
#⌠......).°.###.†.###........
#⌠..........# #.<.# #........
#⌠..........###...###........
##.............###...........
###∩........8.# #.8........∩
##∩__.......###......___∩#
######.8.........8.######


You could see a seven-headed hydra, a witch (confused) and a swamp drake.

Vanquished Creatures
  A swamp dragon (D)
  A cane toad (D)
  A komodo dragon (D)
  A dream sheep (D)
  A redback (D)
  A water moccasin (D)
  2 orc warriors (D)
  An ogre (D)
  Blork the orc (D)
  4 scorpions (D)
  An orc priest (D)
  Jessica (D)
  A hell rat (D)
  An orc wizard (D)
  A river rat (D)
  A dart slug (D)
  A goblin (D)
  A hobgoblin (D)
  A kobold (D)
23 creatures vanquished.

Vanquished Creatures (others)
  A bloated husk (D)
1 creature vanquished.

Grand Total: 24 creatures vanquished

Notes
Turn   | Place    | Note
-------+----------+-------------------------------------------
     0 | D        | boopmooplesden the Minotaur Fighter began the quest for the
                  | Orb.
     0 | D        | Reached XP level 1. HP: 19/19 MP: 0/0
     3 | D        | Found an ornate altar of the Wu Jian Council.
     3 | D        | Found an opulent altar of Gozag.
     4 | D        | Found a hide-covered altar of Uskayaw.
     5 | D        | Found a stormy altar of Qazlal.
     5 | D        | Found a corrupted altar of Lugonu.
     5 | D        | Round 1.
     6 | D        | Found a shimmering blue altar of Sif Muna.
     6 | D        | Found Sereas's Identification Station.
     7 | D        | Found Mumig's Jewellery.
     7 | D        | Found Munuf's Advanced Armour.
    15 | D        | Bought a clouded bone amulet for 45 gold pieces
    15 | D        | Identified the amulet of Monotheism {Faith Int+5} (You
                  | bought it in a shop in the Dungeon)
    15 | D        | Bought a clouded marble ring for 45 gold pieces
    15 | D        | Identified the ring "Zaudemn" {Fire Str+3} (You bought it
                  | in a shop in the Dungeon)
    15 | D        | Bought a brightly glowing pewter ring for 45 gold pieces
    15 | D        | Identified the ring of Qalut {rElec rPois rC- Str+5 Int+6}
                  | (You bought it in a shop in the Dungeon)
    17 | D        | Noticed Jessica
    28 | D        | Killed Jessica
    29 | D        | Reached skill level 5 in Fighting
    29 | D        | Reached skill level 3 in Long Blades
    29 | D        | Reached skill level 5 in Armour
    29 | D        | Reached skill level 5 in Shields
    29 | D        | Reached XP level 2. HP: 9/29 MP: 1/1
    31 | D        | Found a shimmering altar of Xom.
    32 | D        | Found Xonekh's Magic Scroll Shop.
    33 | D        | Found Neteemm's Magic Scroll Shop.
    33 | D        | Found Doimuoxt's Must-Have Magic.
    37 | D        | Reached XP level 3. HP: 10/36 MP: 2/2
    38 | D        | Found a sacrificial altar of Ru.
    38 | D        | Found a shadowy altar of Dithmenos.
    38 | D        | Found Turrul's Staff Store.
    42 | D        | Found an ancient bone altar of Kikubaaqudgha.
    43 | D        | Found a blossoming altar of Fedhas.
    44 | D        | Found a viscous altar of Jiyva.
    45 | D        | Found Teixes's Distillery.
    46 | D        | Found Ijasazir's Distillery.
    46 | D        | Found Qossyidgh's Bottled Wisdom.
    46 | D        | Found an iron altar of Okawaru.
    46 | D        | Found a glowing silver altar of Zin.
    46 | D        | Found a glowing golden altar of the Shining One.
    46 | D        | Found Ynauri's Do-It-Yourself Clinic.
    50 | D        | Found a burning altar of Makhleb.
    54 | D        | Became a worshipper of Warmaster Okawaru
    56 | D        | Found a radiant altar of Vehumet.
    57 | D        | Found a basalt altar of Yredelemnul.
    57 | D        | Found Gephox's Weapon Rack.
    58 | D        | Found Fastaluofu's Basic Armour.
    58 | D        | Found Woig's Miscellaneous Merchandise.
    59 | D        | Found a snail-covered altar of Cheibriados.
    59 | D        | Found a bloodstained altar of Trog.
    59 | D        | Found Neysh's Premium Goods.
    77 | D        | Arena points: 12 (+12) [x2]
    95 | D        | Bought a +0 cloak for 54 gold pieces
   113 | D        | Round 2.
   114 | D        | Noticed a scorpion
   120 | D        | Killed a scorpion
   121 | D        | Reached skill level 5 in Long Blades
   121 | D        | Reached XP level 4. HP: 11/44 MP: 3/3
   173 | D        | Noticed a redback
   178 | D        | Noticed a scorpion
   179 | D        | Killed a redback
   180 | D        | Reached skill level 7 in Long Blades
   180 | D        | Reached XP level 5. HP: 47/53 MP: 4/4
   182 | D        | Reached * piety under Okawaru
   183 | D        | Reached XP level 6. HP: 55/61 MP: 5/5
   221 | D        | Reached skill level 8 in Long Blades
   231 | D        | Noticed a water moccasin
   237 | D        | Killed a water moccasin
   238 | D        | Reached skill level 9 in Long Blades
   238 | D        | Reached skill level 10 in Armour
   256 | D        | Reached ** piety under Okawaru
   256 | D        | Arena points: 54 (+42) [x3]
   257 | D        | Reached XP level 7. HP: 69/70 MP: 6/6
   294 | D        | Round 3.
   298 | D        | Noticed Blork the orc
   310 | D        | Reached skill level 1 in Dodging
   317 | D        | Reached skill level 10 in Long Blades
   325 | D        | Reached skill level 10 in Shields
   332 | D        | Reached skill level 11 in Long Blades
   344 | D        | Killed Blork the orc
   344 | D        | Arena points: 138 (+84) [x4]
   379 | D        | Round 4.
   380 | D        | Noticed a komodo dragon
   388 | D        | Noticed a cane toad
   391 | D        | Noticed a dream sheep
   399 | D        | Killed a komodo dragon
   399 | D        | Reached *** piety under Okawaru
   400 | D        | Reached skill level 10 in Fighting
   400 | D        | Reached XP level 8. HP: 24/79 MP: 4/7
   404 | D        | Killed a dream sheep
   405 | D        | Reached skill level 12 in Long Blades
   405 | D        | Reached skill level 1 in Invocations
   411 | D        | Killed a cane toad
   411 | D        | Reached **** piety under Okawaru
   412 | D        | Reached skill level 13 in Long Blades
   439 | D        | Arena points: 258 (+120) [x5]
   454 | D        | Bought an ancient hat for 315 gold pieces
   454 | D        | Identified the +0 hat "Huoloxke" {Harm rPois Int+2} (You
                  | bought it in a shop in the Dungeon)
   454 | D        | Round 5.
   461 | D        | Noticed a swamp dragon
   463 | D        | Noticed a witch
   482 | D        | Noticed a bloated husk
   484 | D        | Killed a swamp dragon
   484 | D        | Reached ***** piety under Okawaru
   485 | D        | Reached XP level 9. HP: 46/86 MP: 6/9
   485 | D        | Killed a bloated husk
   503 | D        | Noticed a seven-headed hydra
   510 | D        | Noticed a seven-headed hydra
   523 | D        | HP: 3/86 [seven-headed hydra (2)]
   523 | D        | Slain by a seven-headed hydra

Illustrated notes

Levels and vault maps discovered:
D:        arena_sprint

Skill      XL: |  1  2  3  4  5  6  7  8 |
---------------+-------------------------+-----
Fighting       | 5 6 7 8 9 10 | 10.8
Long Blades    | 3 5 7 9 11 13 | 13.8
Armour         | 5 6 8 9 10 11 12 | 12.2
Shields        | 5 6 8 9 10 11 | 11.7
Dodging        | 2 3 |  3.4
Invocations    | 1 |  1.7
Stealth        | |  0.7

Action                   |  1- 3 |  4- 6 |  7- 9 || total
-------------------------+-------+-------+-------++-------
Melee: Long sword        |    16 |    16 |    78 ||   110
       Headbutt          |     3 |     4 |    26 ||    33
       Flail             |       |       |     7 ||     7
Invok: Heroism           |       |       |     5 ||     5
  Use: Potion            |       |     2 |     4 ||     6
Armor: Scale mail        |     5 |     7 |    10 ||    22
       Plate armour      |       |       |    32 ||    32
Dodge: Dodged            |     4 |     2 |    22 ||    28
Block: Kite shield       |     8 |     8 |    51 ||    67
       Rpst.: Long sword |     2 |     1 |     6 ||     9
